 Dungeon Crawl Stone Soup version 0.19.1-1-g22dce08 (webtiles) character file.

92508 Yamifenrir the Basher (level 15, -6/134 HPs)
             Began as a Minotaur Abyssal Knight on Jan 3, 2017.
             Was a Priest of Lugonu.
             Drowned by a drowned soul (14 damage)
             ... summoned by a merfolk avatar
             ... on level 2 of the Shoals on Jan 4, 2017.
             The game lasted 04:58:13 (40510 turns).

Yamifenrir the Basher (Minotaur Abyssal Knight)    Turns: 40510, Time: 04:58:13

Health: -6/134     AC: 24    Str: 19    XL:     15   Next: 58%
Magic:  14/23      EV: 13    Int: 13    God:    Lugonu [***...]
Gold:   1457       SH:  0    Dex: 17    Spells: 0 memorised, 14 levels left

rFire  . . .     SeeInvis .     R - +4 great mace (distort)
rCold  + . .     Gourm    .     B - +4 storm dragon scales
rNeg   + . .     Faith    .     (shield currently unavailable)
rPois  +         Spirit   .     (helmet restricted)
rElec  +         Reflect  .     N - +2 cloak of the Depths {*Slow rN+ MR+ Int+4}
rCorr  .         Harm     .     p - +0 pair of gloves {Dex+3}
MR     ++...                    y - +1 pair of boots
Stlth  ..........               F - amulet of rage
                                E - ring of poison resistance
                                O - ring of protection from cold

@: about to teleport, mesmerised, very slightly contaminated, hasted, very quick
A: retaliatory headbutt, horns 2, mutation resistance 1
a: Depart the Abyss, Bend Space, Banish, Renounce Religion, Evoke Berserk Rage


You were on level 2 of the Shoals.
You worshipped Lugonu.
Lugonu was most pleased with you.
You were not hungry.

You visited 5 branches of the dungeon, and saw 26 of its levels.
You visited the Abyss 2 times.
You also visited: Labyrinth.

You collected 2298 gold pieces.
You spent 841 gold pieces at shops.

Inventory:

Hand Weapons
 A - the +7 hand axe of Jekkair {venom, +Inv rPois Str-2 Int+8}
   (You found it on level 4 of the Dungeon)

   It poisons the flesh of those it strikes.
   It affects your strength (-2).
   It affects your intelligence (+8).
   It protects you from poison.
   It lets you turn invisible.
 R - a +4 great mace of distortion (weapon)
Missiles
 s - 632 stones (quivered)
Armour
 p - a +0 pair of gloves of dexterity (worn)
 y - a +1 pair of boots (worn)
 B - +4 storm dragon scales (worn)
 N - the +2 cloak of the Depths (worn) {*Slow rN+ MR+ Int+4}
   (You bought it in a shop on level 2 of the Orcish Mines)

   It affects your intelligence (+4).
   It protects you from negative energy.
   It affects your resistance to hostile enchantments.
   It may slow you when you take damage.
Jewellery
 E - a ring of poison resistance (right hand)
 F - an amulet of rage (around neck)
 J - a +4 ring of evasion
 O - a ring of protection from cold (left hand)
 X - an uncursed ring of protection from fire
Wands
 v - a wand of paralysis (17/24)
 L - a wand of iceblast (6/15)
 P - a wand of hasting (1/9)
 U - a wand of polymorph (11/24)
 Z - a wand of iceblast (7/15)
Scrolls
 a - a scroll of acquirement {unknown}
 f - 2 scrolls of teleportation
 i - 3 scrolls of identify
 l - 3 scrolls of random uselessness {unknown}
 m - 9 scrolls of remove curse
 r - a scroll of brand weapon {unknown}
 t - 4 scrolls of amnesia
 u - a scroll of blinking
 x - a scroll of enchant weapon
 C - a scroll of magic mapping
 K - a scroll of fear
 M - 2 scrolls of summoning {unknown}
 Q - a scroll of fog
 S - a scroll of holy word {unknown}
 T - a scroll of torment {unknown}
 W - a scroll of silence {unknown}
 Y - a scroll of vulnerability {unknown}
Potions
 b - 6 potions of cancellation
 g - a potion of invisibility
 h - 2 potions of flight
 n - 4 potions of agility
 q - a potion of brilliance {unknown}
 w - 2 potions of cure mutation
 z - 2 potions of magic
 G - a potion of might {unknown}
 I - a potion of resistance
Miscellaneous
 e - a phial of floods
Comestibles
 c - 5 bread rations
 d - 7 slices of pizza
 j - 5 beef jerkies
 k - 11 meat rations
 o - 8 royal jellies


   Skills:
 * Level 12.5 Fighting
 - Level 13.3(15.7) Axes
 * Level 14.3(16.2) Maces & Flails
 - Level 7.3 Armour
 - Level 9.0 Dodging
   Level 7.2 Shields
 - Level 10.9 Invocations
 - Level 12.3 Evocations


You had 14 spell levels left.
You didn't know any spells.

Dungeon Overview and Level Annotations

Branches:
Dungeon (15/15)            Temple (0/1) D:7            Lair (6/6) D:9
 Shoals (2/4) Lair:2       Spider (1/4) Lair:4        Slime (0/5) Lair:5
    Orc (2/2) D:11            Elf (0/3) Orc:2        Vaults (0/5) D:14
 Depths: D:15

Altars:
Elyvilon
Kikubaaqudgha
Ru
Beogh
Jiyva

Shops:
D:4 }   D:14 !   Orc:2 ?(*:

Annotations:
Lair:4 exclusion: crocodile
Shoals:2 corrupted
Orc:2 corrupted


Innate Abilities, Weirdness & Mutations

You reflexively headbutt those who attack you in melee.
You have a pair of horns on your head.
You are somewhat resistant to further mutation.


Message History

* * * LOW HITPOINT WARNING * * *
The hippogriff screeches!
The shadowy forms in the deep grow still as others approach.
The merfolk avatar chants a haunting song.
You resist with almost no effort.
The merfolk avatar chants a haunting song.
You are mesmerised by the merfolk avatar!
Found a potion of curing.
As you read the scroll of teleportation, it crumbles to dust.
You feel strangely unstable.
The pull of its song draws you forwards.
The drowned soul touches you. The drowned soul drowns you!
* * * LOW HITPOINT WARNING * * *
As you read the scroll of fear, it crumbles to dust.
You assume a fearsome visage.
The drowned soul is unaffected.
The merfolk avatar easily resists.
The water nymph resists with almost no effort.
The hippogriff looks frightened!
The drowned soul touches you. The drowned soul drowns you!
You die...

.....≈..≈≈≈.≈≈≈!..≈.≈≈≈
......≈≈≈≈≈≈≈≈≈..≈≈.≈≈≈≈≈≈≈
......≈≈≈≈≈≈≈≈≈≈≈≈≈≈≈≈≈≈.≈
.>.....≈≈≈≈≈≈≈≈≈≈H≈≈≈≈?..
.###...:≈≈≈≈≈≈≈≈≈≈≈≈≈≈≈.# #
#.....≈≈≈≈≈≈≈≈≈≈≈≈≈≈≈.#
#.##...≈≈≈≈.≈≈≈≈≈≈P≈≈≈≈## #.#
#........#.≈≈≈≈≈≈≈≈≈.# ..
##..†....####@≈m≈≈≈=..##
.###.....##### #.P≈≈≈≈#≈..### .
.........##..# #.P≈≈≈≈≈≈≈...#..
.######....P.###≈≈≈≈≈≈≈≈≈≈.....
#####.......P≈≈≈≈≈≈≈≈......
#...#...####≈≈≈≈.≈m≈.......
.........# ##...#.......≈≈.
...###...### ######......≈≈≈ .
##.....# #.....≈≈≈#


You could see a merfolk avatar, a hippogriff (fleeing) and a water nymph.

Vanquished Creatures
  A storm dragon (D:14)
  Nessos (D:14)
  A minotaur (Lab)
  3 merfolk impalers (Shoals:1)
  Fannar (Abyss:1)
  Harold (D:12)
  3 vault guards (D:14)
  A catoblepas (Lair:3)
  2 death knights
  3 centaur warriors
  9 death yaks
  Sonja (Lair:4)
  An orc high priest (Orc:1)
  3 sea snakes
  2 unseen horrors (D:14)
  A wolf spider zombie (D:14)
  An orc knight (Orc:1)
  Pikel (D:6)
  5 hill giants
  A mana viper (Lair:4)
  18 harpies
  9 manticores
  A wolf spider (Spider:1)
  6 fauns (Shoals:1)
  2 cyclopes
  An elephant (shapeshifter) (D:14)
  5 sirens (Shoals:1)
  2 water nymphs (Shoals:1)
  4 elephants (Lair:5)
  A black mamba (Lair:4)
  2 gargoyles
  9 spiny frogs
  An efreet (D:14)
  7 komodo dragons
  A kobold demonologist (D:14)
  7 trolls
  6 merfolk
  4 polar bears
  A jumping spider (Spider:1)
  A hornet (D:11)
  A two-headed ogre (D:14)
  2 wind drakes (Shoals:1)
  Grinder (D:5)
  5 slime creatures (D:14)
  A snapping turtle (Lair:2)
  8 hippogriffs
  5 blink frogs (Lair:4)
  2 dream sheep (Shoals:1)
  A centaur simulacrum (D:14)
  A water elemental (Shoals:1)
  A tarantella (shapeshifter) (D:14)
  46 yaks
  A shadow (D:11)
  2 wraiths (D:12)
  5 wyverns
  2 basilisks
  2 vampire mosquitoes (D:14)
  2 hungry ghosts
  A warg (Orc:1)
  Menkaure (D:5)
  A soldier ant (D:11)
  8 water moccasins
  Duvessa (D:5)
  Edmund (D:5)
  12 porcupines
  4 ice beasts
  2 slaves (D:6)
  3 black bears
  2 eyes of draining (D:14)
  23 orc warriors
  3 phantoms
  2 necrophages (D:8)
  4 sky beasts
  13 ogres
  18 wolves
  16 centaurs
  13 crocodiles
  3 big kobolds
  21 bullfrogs
  2 wyvern zombies (D:14)
  An earth elemental (Lab)
  A wyvern skeleton (D:13)
  Dowan (Abyss:1)
  6 killer bees
  5 scorpions
  4 wights (D:12)
  3 electric eels
  8 crimson imps
  3 howler monkeys (D:7)
  A quasit (D:10)
  2 bullfrog zombies
  2 bullfrog skeletons
  22 orc priests
  A gnoll shaman (D:4)
  4 hounds
  7 jellies
  25 orc wizards
  4 centaur skeletons
  4 iguanas
  Natasha (thrice) (D:2)
  6 worker ants
  2 hound zombies
  A howler monkey zombie (D:10)
  3 worker ant zombies
  13 gnolls
  12 adders
  A howler monkey skeleton (D:9)
  6 shadow imps
  9 oozes
  An adder zombie (D:6)
  An adder skeleton (D:7)
  3 worms (D:2)
  A dart slug (D:1)
  7 leopard geckos
  116 orcs
  6 giant cockroaches
  8 goblins
  4 hobgoblins (D:1)
  7 jackals (D:4)
  19 kobolds
  4 quokkas
  3 bats
  12 frilled lizards
  A leopard gecko skeleton (D:2)
  A quokka skeleton (D:9)
  A quokka zombie (D:7)
  3 rats
  4 fungi
  4 plants
738 creatures vanquished.

Vanquished Creatures (others)
  A fire giant (D:15)
  An orc warlord (Orc:1)
  2 ogre magi (Orc:2)
  A vault guard (D:14)
  2 hydras
  A satyr (Shoals:1)
  A merfolk avatar (Shoals:2)
  An orc high priest (Orc:2)
  An iron troll (Orc:2)
  A deep troll (Orc:2)
  3 hill giants
  An orc knight (Orc:1)
  A wolf spider (Lair:1)
  3 cyclopes
  2 manticores (Shoals:1)
  2 sirens (Shoals:2)
  2 spiny frogs
  2 merfolk (Shoals:1)
  5 trolls (Orc:2)
  8 two-headed ogres
  A snapping turtle (Shoals:1)
  A wyvern (D:14)
  A porcupine (Lair:2)
  5 orc warriors
  A sky beast (D:5)
  14 ogres (Orc:2)
  A bullfrog (Lair:1)
  An orc wizard (Orc:2)
  8 fungi
  9 plants
  6 starspawn tentacles
89 creatures vanquished.

Grand Total: 827 creatures vanquished

Notes
Turn   | Place    | Note
-------+----------+-------------------------------------------
     0 | Abyss:1  | Yamifenrir the Minotaur Abyssal Knight began the quest for the Orb.
     0 | Abyss:1  | Reached XP level 1. HP: 19/19 MP: 1/1
    40 | Abyss:1  | Found a corrupted altar of Lugonu.
    45 | D:1      | Escaped the Abyss
   136 | D:1      | Reached XP level 2. HP: 24/27 MP: 2/2
   612 | D:1      | Reached skill level 3 in Maces & Flails
   897 | D:1      | Reached ** piety under Lugonu
   908 | D:1      | Reached XP level 3. HP: 24/33 MP: 3/3
  1202 | D:2      | Noticed Natasha
  1214 | D:2      | Killed Natasha
  1214 | D:2      | Reached skill level 4 in Maces & Flails
  1324 | D:2      | Found a sacrificial altar of Ru.
  1333 | D:2      | Noticed Natasha
  1335 | D:2      | Reached XP level 4. HP: 28/40 MP: 4/4
  1345 | D:2      | Killed Natasha
  1345 | D:2      | Reached skill level 5 in Maces & Flails
  1777 | D:2      | Noticed Natasha
  1780 | D:2      | Killed Natasha
  1780 | D:2      | Reached XP level 5. HP: 31/46 MP: 5/5
  1784 | D:2      | Reached skill level 6 in Maces & Flails
  2738 | D:3      | Reached skill level 7 in Maces & Flails
  3368 | D:3      | Reached XP level 6. HP: 43/52 MP: 6/6
  3759 | D:4      | Reached *** piety under Lugonu
  4032 | D:4      | Found Ytunnamegi's Gadget Shoppe.
  4057 | D:4      | HP: 2/52 [gnoll/spear (6)]
  4279 | D:4      | Reached skill level 8 in Maces & Flails
  4526 | D:4      | Reached XP level 7. HP: 59/59 MP: 8/8
  4620 | D:4      | Got a pitted hand axe
  4622 | D:4      | Identified the +7 hand axe of Jekkair {venom, +Inv rPois Str-2 Int+8} (You found it on level 4 of the Dungeon)
  4805 | D:4      | Reached skill level 1 in Axes
  5145 | D:5      | Entered Level 5 of the Dungeon
  5267 | D:5      | Noticed Grinder
  5269 | D:5      | Paralysed by Grinder for 3 turns
  5288 | D:5      | Noticed Dowan
  5494 | D:5      | Banished Dowan
  5502 | D:5      | Killed Grinder
  5502 | D:5      | Reached skill level 5 in Invocations
  5502 | D:5      | Reached XP level 8. HP: 38/66 MP: 5/11
  5705 | D:5      | Reached skill level 5 in Axes
  5729 | D:5      | Noticed Menkaure
  5742 | D:5      | Killed Menkaure
  5864 | D:5      | Noticed Duvessa
  5878 | D:5      | Killed Duvessa
  6004 | D:5      | Noticed Edmund
  6011 | D:5      | Killed Edmund
  6357 | D:6      | Reached **** piety under Lugonu
  6403 | D:6      | Reached XP level 9. HP: 70/71 MP: 13/13
  6692 | D:6      | Noticed Pikel
  6699 | D:6      | Killed Pikel
  6699 | D:6      | Reached skill level 5 in Fighting
  7172 | D:7      | Found a staircase to the Ecumenical Temple.
  8294 | D:7      | Noticed a hill giant
  8306 | D:7      | Banished a hill giant
  8453 | D:7      | Reached skill level 5 in Dodging
  8771 | D:7      | Reached XP level 10. HP: 57/86 MP: 6/15
  9999 | D:9      | Learned a level 2 spell: Repel Missiles
 10015 | D:9      | Reached skill level 1 in Evocations
 10482 | D:9      | Found a staircase to the Lair.
 11107 | Lair:1   | Entered Level 1 of the Lair of Beasts
 11387 | Lair:1   | Noticed an eight-headed hydra
 11389 | Lair:1   | Banished an eight-headed hydra
 11437 | Lair:1   | Noticed a spiny frog
 11450 | Lair:1   | Banished a spiny frog
 12073 | Lair:1   | Reached skill level 1 in Shields
 12073 | Lair:1   | Reached skill level 5 in Evocations
 12079 | Lair:1   | Reached XP level 11. HP: 69/97 MP: 16/16
 12909 | Lair:2   | Noticed a death yak
 12910 | Lair:2   | Noticed a death yak
 13224 | Lair:1   | Killed a death yak
 13393 | Lair:2   | Noticed a death yak
 13393 | Lair:2   | Noticed a death yak
 13408 | Lair:1   | Killed a death yak
 13408 | Lair:1   | Reached skill level 5 in Shields
 13744 | Lair:2   | Killed a death yak
 13744 | Lair:2   | Reached skill level 5 in Armour
 13770 | Lair:1   | Killed a death yak
 14197 | Lair:2   | Found a staircase to the Shoals.
 14459 | Lair:1   | Noticed a wolf spider
 14459 | Lair:1   | Banished a wolf spider
 15968 | Lair:3   | Reached XP level 12. HP: 64/104 MP: 17/17
 16137 | Lair:3   | Noticed a four-headed hydra
 16138 | Lair:3   | Banished a four-headed hydra
 16187 | Lair:3   | Reached skill level 10 in Axes
 17216 | Lair:3   | Noticed Fannar
 17218 | Lair:3   | Banished Fannar
 17747 | Lair:3   | Noticed a catoblepas
 17764 | Lair:3   | Killed a catoblepas
 18715 | Lair:4   | Noticed Sonja
 18730 | Lair:4   | Killed Sonja
 18784 | Lair:4   | Found a hole to the Spider Nest.
 18872 | Lair:4   | Found an ancient bone altar of Kikubaaqudgha.
 19587 | Lair:5   | Found a runed door.
 19590 | Lair:5   | Found a labyrinth entrance.
 19595 | Lab      | Entered a labyrinth
 20610 | Lab      | Noticed a minotaur
 20618 | Lab      | Killed a minotaur
 20624 | Lab      | Identified Peusch's Tome of Floating Earth
 20628 | Lab      | Got a spiked leather armour
 20639 | Lab      | Identified the cursed +1 leather armour "Betietao" {rF+ Dex+4} (You found it in a labyrinth)
 20756 | Lair:5   | Reached XP level 13. HP: 74/111 MP: 19/19
 21054 | Lair:5   | Found a viscous altar of Jiyva.
 21056 | Lair:5   | Found a staircase to the Slime Pits.
 21370 | Lair:5   | Found a white marble altar of Elyvilon.
 21569 | Lair:5   | Reached skill level 10 in Evocations
 22564 | Lair:5   | Gained mutation: You are somewhat resistant to further mutation. [potion of mutation]
 22664 | Lair:6   | Entered Level 6 of the Lair of Beasts
 22814 | Lair:5   | HP: 6/166 [spiny frog (16)]
 23472 | D:10     | Entered Level 10 of the Dungeon
 24199 | D:10     | Reached skill level 10 in Fighting
 25166 | D:11     | Found a staircase to the Orcish Mines.
 26025 | D:11     | Reached ***** piety under Lugonu
 26361 | D:12     | Noticed Harold
 26375 | D:12     | Killed Harold
 27928 | D:14     | Reached XP level 14. HP: 23/124 MP: 21/21
 28964 | D:14     | Reached skill level 10 in Invocations
 30632 | D:14     | Found a gate to the Vaults.
 31133 | D:14     | Noticed a storm dragon
 31146 | D:14     | Killed a storm dragon
 31146 | D:14     | Reached skill level 9 in Maces & Flails
 31471 | D:14     | Noticed Nessos
 31484 | D:15     | Entered Level 15 of the Dungeon
 31505 | D:15     | Noticed a fire giant
 31508 | D:15     | Banished a fire giant
 31771 | D:14     | Killed Nessos
 31788 | D:14     | Found Zaxos's Distillery.
 31796 | D:14     | Bought 2 potions of flight for 90 gold pieces
 31796 | D:14     | Bought a potion of degeneration for 15 gold pieces
 31822 | D:14     | Reached skill level 10 in Maces & Flails
 32213 | Orc:1    | Entered Level 1 of the Orcish Mines
 32235 | Orc:1    | Noticed an orc warlord
 32235 | Orc:1    | Banished an orc warlord
 33373 | Orc:1    | Reached ****** piety under Lugonu
 33451 | Orc:2    | Entered Level 2 of the Orcish Mines
 33454 | Orc:2    | Reached skill level 11 in Maces & Flails
 33767 | Orc:2    | Found a roughly hewn altar of Beogh.
 33936 | Orc:2    | Found a staircase to the Elven Halls.
 34044 | Orc:2    | Found Cezuuciq's Book Emporium.
 34065 | Orc:2    | Corrupted Orc:2
 34065 | Orc:2    | Noticed a brown very ugly thing
 34065 | Orc:2    | Noticed a tentacled starspawn
 34065 | Orc:2    | Noticed a starcursed mass
 34065 | Orc:2    | Noticed a bone dragon
 34068 | Orc:2    | Noticed a tentacled starspawn
 34329 | Orc:2    | Found Vallass's Assorted Antiques.
 34339 | Orc:2    | Found Gieh's Antique Weapon Shop.
 34345 | Orc:2    | Bought a shimmering cloak for 218 gold pieces
 34365 | Orc:2    | Identified the +2 cloak of the Depths {*Slow rN+ MR+ Int+4} (You bought it in a shop on level 2 of the Orcish Mines)
 34378 | Orc:2    | Bought a scroll labeled AVUOQA RIYPLOSECITZ for 23 gold pieces
 34378 | Orc:2    | Bought a scroll labeled HUCLUT TAI for 23 gold pieces
 34378 | Orc:2    | Bought a pair of runed gloves for 241 gold pieces
 34417 | Orc:2    | Found Ucanneadgh's Magic Scroll Shoppe.
 34431 | Orc:2    | Bought a scroll of remove curse for 42 gold pieces
 34431 | Orc:2    | Bought a scroll of identify for 28 gold pieces
 34431 | Orc:2    | Bought a scroll of fog for 28 gold pieces
 34431 | Orc:2    | Bought a scroll of identify for 28 gold pieces
 34431 | Orc:2    | Bought a scroll of enchant weapon for 105 gold pieces
 34759 | Spider:1 | Entered Level 1 of the Spider Nest
 34870 | Shoals:1 | Entered Level 1 of the Shoals
 35143 | Shoals:1 | Reached XP level 15. HP: 117/130 MP: 23/23
 35788 | Shoals:1 | Reached skill level 12 in Maces & Flails
 37605 | Shoals:1 | Reached skill level 13 in Maces & Flails
 37702 | Abyss:1  | HP: 3/132 [Fannar/Ozocubu's Refrigeration (8)]
 37710 | Abyss:1  | HP: 4/132 [Fannar/quarterstaff of freezing (2)]
 37727 | Abyss:1  | Killed Fannar
 37731 | Abyss:1  | Killed Dowan
 37739 | Abyss:1  | Noticed a tentacled starspawn
 37788 | Shoals:1 | Escaped the Abyss
 39224 | Shoals:1 | Reached skill level 14 in Maces & Flails
 40483 | Shoals:2 | Corrupted Shoals:2
 40483 | Shoals:2 | Noticed a lich
 40510 | Shoals:2 | Drowned by a drowned soul

Skill      XL: |  1  2  3  4  5  6  7  8  9 10 11 12 13 14 15 |
---------------+----------------------------------------------+-----
Fighting       | 4 7 9 11 12 | 12.5
Invocations    | 2 3 5 7 8 9 10 | 10.9
Maces & Flails | 3 4 5 7 8 11 14 | 14.3
Axes           | 4 7 8 9 13 | 13.3
Dodging        | 5 6 9 |  9.0
Evocations     | 5 7 9 11 12 | 12.3
Shields        | 1 7 |  7.2
Armour         | 5 6 7 |  7.3

Action                   |  1- 3 |  4- 6 |  7- 9 | 10-12 | 13-15 || total
-------------------------+-------+-------+-------+-------+-------++-------
Melee: Mace              |    56 |   175 |     1 |       |       ||   232
       Headbutt          |     7 |    29 |    45 |   170 |   323 ||   574
       Hand axe          |       |       |   266 |   748 |   982 ||  1996
       Whip              |       |       |       |    15 |       ||    15
       Great mace        |       |       |       |       |   470 ||   470
Throw: Stone             |     8 |    66 |    72 |    89 |     9 ||   244
       Tomahawk          |       |       |     2 |       |       ||     2
Invok: Bend Space        |       |     2 |       |       |     5 ||     7
       Banish            |       |       |     5 |    20 |    13 ||    38
       Corrupt           |       |       |       |       |     2 ||     2
       Depart the Abyss  |       |       |       |       |     1 ||     1
       Enter the Abyss   |       |       |       |       |     1 ||     1
 Abil: Evoke Invisibilit |       |       |       |     2 |     1 ||     3
       Evoke Berserk Rag |       |       |       |     1 |    22 ||    23
       Turn Visible      |       |       |       |     1 |       ||     1
Evoke: Wand              |       |       |       |    10 |     4 ||    14
  Use: Potion            |       |     1 |     3 |     7 |     7 ||    18
       Scroll            |       |       |     3 |    16 |    22 ||    41
 Stab: Invisible         |       |       |       |     2 |     5 ||     7
       Confused          |       |       |       |     1 |       ||     1
       Distracted        |       |       |       |       |     1 ||     1
  Eat: Chunk             |     1 |    10 |    15 |    31 |    61 ||   118
       Fruit             |       |       |       |     7 |    17 ||    24
       Bread ration      |       |       |       |     2 |     2 ||     4
       Pizza             |       |       |       |       |     1 ||     1
       Royal jelly       |       |       |       |       |     4 ||     4
Armor: Leather armour    |     8 |    13 |       |     8 |    10 ||    39
       Scale mail        |       |    19 |       |       |       ||    19
       Chain mail        |       |    34 |   140 |   232 |   202 ||   608
       Storm dragon scal |       |       |       |       |   391 ||   391
Dodge: Dodged            |    34 |    89 |    96 |   325 |   768 ||  1312
Block: Buckler           |       |       |       |    92 |   150 ||   242
